 Dungeon Crawl Stone Soup version 0.28.0-53-g5a82cb258f (webtiles) character file.

Game seed: 4559342048004164906

257 jiml777 the Grasshopper (level 6, 0/50 HPs)
             Began as a Gnoll Warper on July 13, 2022.
             Slain by a goblin
             ... wielding a +0 club
             ... led by Robin
              (3 damage)
             ... on level 4 of the Dungeon.
             The game lasted 00:13:09 (3813 turns).

jiml777 the Grasshopper (Gnoll Warper)              Turns: 3813, Time: 00:13:10

Health: 0/50       AC:  3    Str: 11    XL:     6   Next: 16%
Magic:  13/13      EV: 13    Int: 14    God:
Gold:   84         SH:  0    Dex: 11    Spells: 10/15 levels left

rFire   . . .      SeeInvis .   p - +1 hand axe (elec)
rCold   . . .      Faith    .   (no shield)
rNeg    . . .      Spirit   .   b - +0 leather armour
rPois   .          Reflect  .   (no helmet)
rElec   .          Harm     .   (no cloak)
rCorr   .          Rampage  .   (no gloves)
Will    .....                   (no boots)
Stlth   +.........              (no amulet)
HPRegen 0.16/turn               o - ring of wizardry
MPRegen 0.13/turn               (no ring)

@: hasted, very quick
A: fangs 1, strong nose, distributed training
a: no special abilities


You were on level 4 of the Dungeon.
You visited 1 branch of the dungeon, and saw 4 of its levels.

You collected 84 gold pieces.

Inventory:

Hand Weapons
 a - a +0 short sword
 e - a +4 antimagic rapier
 f - a +0 vorpal mace
 n - a +2 vorpal hunting sling
 p - a +1 hand axe of electrocution (weapon)
Missiles
 d - 5 boomerangs of dispersal (quivered)
 i - 109 stones
 q - 6 atropa-tipped darts
 v - 25 arrows
Armour
 b - a +0 leather armour (worn)
Jewellery
 o - a ring of wizardry (left hand)
Scrolls
 c - a scroll of blinking
 g - a scroll of magic mapping {unknown}
 h - a scroll of enchant armour {unknown}
 j - a scroll of enchant weapon {unknown}
 k - a scroll of identify {unknown}
 w - a scroll of noise {unknown}
 x - a scroll of amnesia {unknown}
Potions
 l - a potion of berserk rage {unknown}
 m - a potion of attraction {unknown}
 r - a potion of resistance {unknown}
 s - 2 potions of lignification
 u - a potion of might {unknown}
 z - a potion of flight {unknown}
 A - a potion of brilliance {unknown}


   Skills:
 + Level 4.9 Fighting
 + Level 4.9 Short Blades
 + Level 1.8 Long Blades
 + Level 1.8 Axes
 + Level 1.8 Maces & Flails
 + Level 1.8 Polearms
 + Level 1.8 Staves
 + Level 1.8 Slings
 + Level 1.8 Bows
 + Level 1.8 Crossbows
 + Level 3.1 Throwing
 + Level 3.1 Armour
 + Level 4.9 Dodging
 + Level 1.8 Stealth
 + Level 1.8 Shields
 + Level 1.8 Unarmed Combat
 + Level 5.3 Spellcasting
 + Level 1.4 Conjurations
 + Level 1.4 Hexes
 + Level 1.4 Summonings
 + Level 1.4 Necromancy
 + Level 5.6 Translocations
 + Level 1.4 Transmutations
 + Level 1.4 Fire Magic
 + Level 1.4 Ice Magic
 + Level 1.4 Air Magic
 + Level 1.4 Earth Magic
 + Level 1.4 Poison Magic
 + Level 2.0 Invocations
 + Level 1.8 Evocations


You had 10 spell levels left.
You knew the following spells:

 Your Spells              Type           Power      Damage    Failure   Level
a - Blink                 Tloc           38%        N/A       1%          2
b - Gell's Gravitas       Tloc           19%        N/A       2%          3

Your spell library contained the following spells:

 Spells                   Type           Power      Damage    Failure   Level
 Lesser Beckoning         Tloc           19%        N/A       2%          3
 Teleport Other           Tloc           19%        N/A       2%          3
 Manifold Assault         Tloc           19%        N/A       24%         5


Dungeon Overview and Level Annotations

Branches:
Dungeon (4/15)
 Temple: D:4-7

Altars:


Innate Abilities, Weirdness & Mutations

You have very sharp teeth.
Your uncanny sense of smell can sniff out nearby items.
Your experience applies equally to all skills.


Message History

Robin hits you but does no damage.
You hit Robin but do no damage. You hit the goblin.
Lightning courses through the goblin!
You kill the goblin!
Robin hits you with a +0 dagger.
* * * LOW HITPOINT WARNING * * *
The goblin hits you but does no damage. Robin hits you with a +0 dagger.
* * * LOW HITPOINT WARNING * * *
You hit Robin. You punch Robin, but do no damage.
You bite Robin, but do no damage.
Robin is lightly wounded.
You hit the goblin. The goblin closely misses you.
Robin hits you with a +0 dagger.
* * * LOW HITPOINT WARNING * * *
You barely miss Robin. You punch Robin, but do no damage.
Robin is lightly wounded.
You barely miss the goblin. The goblin hits you with a +0 club.
* * * LOW HITPOINT WARNING * * *
Robin hits you but does no damage.
You barely miss Robin.
Robin is lightly wounded.
You hit the goblin but do no damage. The goblin hits you with a +0 club.
* * * LOW HITPOINT WARNING * * *
Robin misses you.
You hit Robin but do no damage. You bite Robin, but do no damage.
Robin is lightly wounded.
You hit the goblin.
You kill the goblin!
Robin hits you with a +0 dagger.
* * * LOW HITPOINT WARNING * * *
You hit Robin. Lightning courses through Robin!
You kill Robin!
You barely miss the goblin. The goblin hits you with a +0 club.
* * * LOW HITPOINT WARNING * * *
The goblin misses you.
You barely miss the goblin. The goblin completely misses you.
It was a potion of haste.
You feel yourself speed up.
The hobgoblin no longer looks unusually strong.
The goblin hits you with a +0 club.
You die...

#)...............#
#................####
#....................
#............<....##
#.................#
########'########....
#.#... #..
#.#.######.# .
#.)gg@)....# ∆
###)######## #... ∆
#####


You could see a hobgoblin and a goblin (strong).

Vanquished Creatures
  A scorpion (D:3)
  2 orc wizards (D:3)
  A hound skeleton (D:2)
  Robin (D:4)
  5 adders
  3 dart slugs
  An orc (D:3)
  4 endoplasms
  2 giant cockroaches (D:1)
  7 goblins
  7 hobgoblins
  10 jackals
  2 quokkas
  6 ball pythons
  8 bats
  3 frilled lizards
  3 kobolds
  6 rats
72 creatures vanquished.

Notes
Turn   | Place    | Note
-------+----------+-------------------------------------------
     0 | D:1      | jiml777 the Gnoll Warper began the quest for the Orb.
     0 | D:1      | Reached XP level 1. HP: 20/20 MP: 6/6
   139 | D:1      | Found a faded altar of an unknown god.
   215 | D:1      | Reached XP level 2. HP: 17/26 MP: 7/7
  1071 | D:1      | Reached skill level 5 in Spellcasting
  1071 | D:1      | Reached XP level 3. HP: 31/31 MP: 7/9
  1594 | D:2      | Reached skill level 1 in Invocations
  1683 | D:2      | Reached skill level 1 in Long Blades
  1683 | D:2      | Reached skill level 1 in Axes
  1683 | D:2      | Reached skill level 1 in Maces & Flails
  1683 | D:2      | Reached skill level 1 in Polearms
  1683 | D:2      | Reached skill level 1 in Staves
  1683 | D:2      | Reached skill level 1 in Slings
  1683 | D:2      | Reached skill level 1 in Bows
  1683 | D:2      | Reached skill level 1 in Crossbows
  1683 | D:2      | Reached skill level 1 in Stealth
  1683 | D:2      | Reached skill level 1 in Shields
  1683 | D:2      | Reached skill level 1 in Unarmed Combat
  1683 | D:2      | Reached skill level 1 in Evocations
  1881 | D:2      | Reached XP level 4. HP: 32/38 MP: 11/11
  2175 | D:3      | Learned a level 2 spell: Blink
  2224 | D:3      | Learned a level 3 spell: Gell's Gravitas
  2328 | D:3      | Reached skill level 1 in Conjurations
  2328 | D:3      | Reached skill level 1 in Hexes
  2328 | D:3      | Reached skill level 1 in Summonings
  2328 | D:3      | Reached skill level 1 in Necromancy
  2328 | D:3      | Reached skill level 1 in Transmutations
  2328 | D:3      | Reached skill level 1 in Fire Magic
  2328 | D:3      | Reached skill level 1 in Ice Magic
  2328 | D:3      | Reached skill level 1 in Air Magic
  2328 | D:3      | Reached skill level 1 in Earth Magic
  2328 | D:3      | Reached skill level 1 in Poison Magic
  2619 | D:3      | Noticed a scorpion
  2633 | D:3      | Reached XP level 5. HP: 30/43 MP: 9/12
  2641 | D:3      | HP: 3/64 [poisoned by a scorpion]
  2648 | D:3      | HP: 3/64 [scorpion (1)]
  3215 | D:3      | Reached XP level 6. HP: 26/50 MP: 13/13
  3797 | D:4      | Noticed Robin
  3811 | D:4      | Killed Robin
  3811 | D:4      | HP: 2/50 [goblin/+0 club[Robin] (3)]
  3813 | D:4      | Slain by a goblin

Illustrated notes

Levels and vault maps discovered:
D:1:      tarquinn_simple_flora_water_e, layout_basic, basic_ecumenical_altar
D:2:      layout_rooms, nicolae_figureground_pulse
D:3:      layout_basic
D:4:      layout_basic, tso_oasis_becter, mainiacjoe_overflow_alcove_1,
          uniq_robin, uniq_duvessa

Skill      XL: |  1  2  3  4  5 |
---------------+----------------+-----
Spellcasting   | 5 |  5.3
Invocations    | 1 2 |  2.0
Long Blades    | 1 |  1.8
Axes           | 1 |  1.8
Maces & Flails | 1 |  1.8
Polearms       | 1 |  1.8
Staves         | 1 |  1.8
Slings         | 1 |  1.8
Bows           | 1 |  1.8
Crossbows      | 1 |  1.8
Stealth        | 1 |  1.8
Shields        | 1 |  1.8
Unarmed Combat | 1 |  1.8
Evocations     | 1 |  1.8
Conjurations   | 1 |  1.4
Hexes          | 1 |  1.4
Summonings     | 1 |  1.4
Necromancy     | 1 |  1.4
Transmutations | 1 |  1.4
Fire Magic     | 1 |  1.4
Ice Magic      | 1 |  1.4
Air Magic      | 1 |  1.4
Earth Magic    | 1 |  1.4
Poison Magic   | 1 |  1.4
Throwing       | 3 |  3.1
Armour         | 3 |  3.1
Fighting       | |  4.9
Short Blades   | |  4.9
Dodging        | |  4.9
Translocations | |  5.6

Action                   |  1- 3 |  4- 6 || total
-------------------------+-------+-------++-------
Melee: Short sword       |    24 |       ||    24
       Bite              |     7 |    11 ||    18
       Mace              |    57 |       ||    57
       Hand axe          |    28 |    94 ||   122
       Punch             |       |     3 ||     3
 Fire: Hunting sling     |       |     4 ||     4
 Cast: Blink             |       |     2 ||     2
  Use: Potion            |       |     3 ||     3
 Stab: Sleeping          |       |     2 ||     2
Armor: Leather armour    |    17 |    20 ||    37
       Skin              |       |    11 ||    11
Dodge: Dodged            |    74 |    78 ||   152
